 Dungeon Crawl Stone Soup version 0.17.1-1-g73c8601 (webtiles) character file.

630 Implojin the Cleaver (level 7, 0/57 HPs)
             Began as a Minotaur Berserker on Apr 9, 2016.
             Was a Believer of Trog.
             Slain by a wight
             ... wielding a cursed +0 dagger
              (3 damage)
             ... on level 8 of the Dungeon.
             The game lasted 00:04:58 (799 turns).

Implojin the Cleaver (Minotaur Berserker)            Turns: 799, Time: 00:04:58

Health: 0/57       AC:  8    Str: 22    XL:     7   Next: 24%
Magic:  6/6        EV:  8    Int:  4    God:    Trog [**....]
Gold:   49         SH:  0    Dex: 11    Spells: 0 memorised, 6 levels left

rFire  . . .     SeeInvis .     a - +0 hand axe
rCold  . . .     Clarity  .     d - +0 chain mail
rNeg   . . .     SustAt   .     (no shield)
rPois  .         Gourm    .     (helmet restricted)
rElec  .         Spirit   .     (no cloak)
rCorr  .         Warding  .     (no gloves)
rMut   .         Stasis   .     (no boots)
MR     .....                    (no amulet)
Stlth  ..........               (no ring)
                                (no ring)

@: exhausted, slowed, drained, very slow, not resistant to hostile enchantments,
extremely unstealthy
A: retaliatory headbutt, horns 2
a: Berserk, Trog's Hand, Burn Spellbooks, Renounce Religion


You were on level 8 of the Dungeon.
You worshipped Trog.
Trog was pleased with you.
You were hungry.

You visited 1 branch of the dungeon, and saw 8 of its levels.

You collected 49 gold pieces.

Inventory:

Hand Weapons
 a - a +0 hand axe (weapon)
 i - a +0 blowgun
 m - a +0 battleaxe
Armour
 b - a +0 animal skin
 d - a +0 chain mail (worn)
 h - a +0 buckler
Scrolls
 e - a scroll of identify
 g - 2 scrolls of teleportation
Potions
 k - a potion of curing {unknown}
Comestibles
 c - a bread ration
 f - a beef jerky
 j - 7 chunks of flesh
 l - a meat ration


   Skills:
 - Level 3.6(3.3) Fighting
 * Level 10.1(9.8) Axes
 - Level 2.4(2.1) Armour
 - Level 2.1(1.9) Dodging


You had 6 spell levels left.
You didn't know any spells.

Dungeon Overview and Level Annotations

Branches:
Dungeon (8/15)
 Temple: D:4-7         Lair: D:8-11

Altars:

Annotations:
D:2 exclusion: upstairs
D:4 Grinder


Innate Abilities, Weirdness & Mutations

You reflexively headbutt those who attack you in melee.
You have a pair of horns on your head.


Message History

You closely miss the wight. The wight closely misses you.
You slash the wight!
The wight is moderately damaged.
You hit the wight.
The wight is severely damaged.
The wight hits you but does no damage.
You slash the wight!
You destroy the wight!
You swing at nothing.
You slash the wight!
The wight is heavily damaged.
You hit the wight. Your headbutt misses the wight.
The wight is severely damaged.
The wight closely misses you.
You closely miss the wight.
The wight is severely damaged.
You slash the wight!
You destroy the wight!
Your base Axes skill increases to level 10!
Items here: ))) [[[
m - a battleaxe You feel a strong urge to attack something.
You are no longer berserk.
You are exhausted.
You feel yourself slow down.
You are feeling hungry.
A wight comes into view.
It is wielding an enchanted great sword.
The wight hits you but does no damage.
You see here a scroll labeled DYRYIG FAICW.
Read which item? (? for menu, Esc to quit)
Okay, then.
Drink which item? (? for menu, Esc to quit)
Okay, then.
Read which item? (? for menu, Esc to quit)
As you read the scroll labeled CAMMIR ONIA, it crumbles to dust.
It is a scroll of identify.
Identify which item? (\ to view known items) (? for menu, Esc to quit)
g - 2 scrolls of teleportation The wight hits you with a dagger.
You die...

#. .. #. #.. .#
##. #.# ..# ...
##..##.# #.......
#......#
#...#....
##......##.......
#..........##...
##...z@z...#..#
#.......####.#
#.#.##....)..# #
#<..##### #..###
#...# ##.## ##


You could see 2 wights.

Vanquished Creatures
  2 ogres (D:7)
  A giant frog (D:7)
  3 scorpions
  3 wights (D:8)
  An orc priest (D:4)
  A worker ant (D:4)
  2 adders (D:2)
  A shadow imp (D:6)
  An ooze (D:2)
  An adder skeleton (D:7)
  2 worms (D:2)
  A giant gecko (D:6)
  4 orcs
  A ball python (D:1)
  3 giant cockroaches
  A goblin (D:2)
  4 hobgoblins
  4 jackals (D:1)
  A quokka (D:5)
  A bat (D:3)
  A giant newt (D:1)
  2 kobolds (D:3)
  3 rats
44 creatures vanquished.

Notes
Turn   | Place    | Note
--------------------------------------------------------------
     0 | D:1      | Implojin the Minotaur Berserker began the quest for the Orb.
     0 | D:1      | Reached XP level 1. HP: 19/19 MP: 0/0
    24 | D:1      | Reached skill level 4 in Axes
    80 | D:1      | Reached XP level 2. HP: 23/26 MP: 1/1
   230 | D:2      | Reached skill level 5 in Axes
   230 | D:2      | Reached XP level 3. HP: 31/31 MP: 2/2
   358 | D:3      | Reached ** piety under Trog
   535 | D:4      | Noticed a scorpion
   541 | D:4      | Noticed Grinder
   546 | D:4      | Reached skill level 6 in Axes
   546 | D:4      | Reached XP level 4. HP: 39/39 MP: 3/3
   548 | D:4      | Killed a scorpion
   548 | D:4      | Reached skill level 7 in Axes
   548 | D:4      | Reached XP level 5. HP: 45/45 MP: 4/4
   560 | D:4      | Paralysed by Grinder for 7 turns
   568 | D:5      | Entered Level 5 of the Dungeon
   617 | D:6      | Reached skill level 8 in Axes
   684 | D:7      | Noticed an ogre
   692 | D:7      | Killed an ogre
   692 | D:7      | Reached XP level 6. HP: 26/51 MP: 5/5
   693 | D:7      | Reached skill level 9 in Axes
   730 | D:7      | Noticed an ogre
   735 | D:7      | Killed an ogre
   780 | D:8      | HP: 3/76 [wight/battleaxe (12)]
   780 | D:8      | HP: 1/76 [wight/battleaxe (2)]
   782 | D:8      | Reached XP level 7. HP: 1/57 MP: 6/6
   792 | D:8      | Reached skill level 10 in Axes
   799 | D:8      | Slain by a wight

Action                   |  1- 3 |  4- 6 |  7- 9 || total
-------------------------+-------+-------+-------++-------
Melee: Hand axe          |    55 |    37 |     8 ||   100
Invok: Berserk           |     1 |     4 |       ||     5
  Use: Scroll            |       |       |     1 ||     1
 Stab: Sleeping          |     1 |       |       ||     1
  Eat: Chunk             |       |     4 |       ||     4

Table legend:
 A = Turns spent in this place as a percentage of turns spent in the entire game.
 B = Non-inter-level travel turns spent in this place as a percentage of non-inter-level travel turns spent in the entire game.
 C = Inter-level travel turns spent in this place as a percentage of turns spent in this place.
 D = Turns resting spent in this place as a percentage of non-inter-level travel turns spent in this place.
 E = Turns spent auto-exploring this place as a percentage of non-inter-level travel turns spent in this place.
 F = Non-inter-level travel turns spent in this place divided by the number of levels of this place that you've seen.
                   A       B       C       D       E      F
               +-------+-------+-------+-------+-------+----------------------
         Total | 100.0 | 100.0 |   0.0 |   0.0 |   0.0 |  99.0
       Dungeon | 100.0 | 100.0 |   0.0 |   0.0 |   0.0 |  99.0
               +-------+-------+-------+-------+-------+----------------------

Table legend:
 A = Kills in this place as a percentage of kills in entire the game.
 B = Kills by you in this place as a percentage of kills by you in the entire game.
 C = Kills by friends in this place as a percentage of kills by friends in the entire game.
 D = Other kills in this place as a percentage of other kills in the entire game.
 E = Experience gained in this place as a percentage of experience gained in the entire game.
 F = Experience gained in this place divided by the number of levels of this place that you have seen.
                   A       B       C       D       E      F
               +-------+-------+-------+-------+-------+----------------------
         Total | 100.0 | 100.0 |  -nan |  -nan | 100.0 | 112.5
       Dungeon | 100.0 | 100.0 |  -nan |  -nan | 100.0 | 112.5
               +-------+-------+-------+-------+-------+----------------------
